Map: Pillars of Gold LE

Players

HellraiseR - Winner!

  • Race: Protoss Protoss
  • League: Master
  • Spawn Location: 7:00

Spatz

  • Race: Protoss Protoss
  • League: Grandmaster
  • Spawn Location: 1:00

Event: DreamHack SC2 Masters 2020 Winter

VOD

Have the link to the VOD?

Description

Time

  • Played on: Oct. 14, 2020, 2:07 p.m.
  • Length: 18:10

All games in this series

Show
View Real Time Build Order
Export as new Build Order

HellraiseR Protoss - Winner!

Build Orders:  

Get SALT Encoding   

  12  0:00  Probe  
  13  0:12  Probe  
  14  0:18  Pylon  
  14  0:24  Probe (Chrono Boost)  
  15  0:38  Probe (Chrono Boost)  
  15  0:39  Gateway  
  16  0:44  Probe (Chrono Boost)  
  16  0:47  Assimilator  
  17  0:52  Probe  
  18  0:57  Assimilator  
  18  1:04  Probe (Chrono Boost)  
  19  1:12  Gateway  
  19  1:14  Probe (Chrono Boost)  
  20  1:21  Probe  
  21  1:28  Cybernetics Core  
  21  1:33  Probe  
  22  1:40  Pylon  
  22  1:45  Probe  
  23  1:58  Probe  
  24  2:04  Adept x2  
  24  2:05  Warp Gate  
  28  2:17  Pylon  
  28  2:33  Twilight Council  
  28  2:37  Adept x2  
  28  2:41  Probe  
  33  3:02  Pylon, Probe  
  34  3:07  Adept x2  
  34  3:09  Resonating Glaives (Chrono Boost)  
  38  3:20  Shield Battery  
  38  3:45  Shield Battery  
  38  3:47  Nexus  
  38  3:56  Adept  
  38  3:57  Adept  
  42  4:03  Probe  
  42  4:08  Shield Battery  
  43  4:22  Stalker  
  45  4:32  Stalker  
  47  4:47  Probe  
  44  4:59  Probe  
  42  5:06  Blink (Chrono Boost)  
  42  5:11  Probe  
  42  5:13  Stalker x2  
  41  5:23  Probe  
  38  5:31  Probe  
  35  5:36  Stalker x2, Probe  
  40  5:47  Shield Battery  
  40  5:49  Probe  
  39  6:01  Stalker  
  39  6:03  Probe (Chrono Boost)  
  42  6:05  Stalker  
  45  6:13  Probe (Chrono Boost)  
  45  6:15  Probe (Chrono Boost)  
  46  6:20  Probe (Chrono Boost)  
  46  6:21  Probe (Chrono Boost)  
  46  6:22  Pylon  
  48  6:29  Probe  
  48  6:31  Stalker  
  50  6:35  Stalker  
  50  6:37  Probe  
  53  6:41  Probe  
  54  6:49  Pylon, Probe  
  54  6:53  Probe  
  56  6:57  Forge  
  56  7:01  Probe  
  55  7:05  Probe  
  55  7:07  Stalker  
  55  7:08  Stalker  
  58  7:13  Probe  
  59  7:18  Probe  
  59  7:22  Protoss Ground Weapons Level 1 (Chrono Boost)  
  60  7:25  Probe  
  55  7:30  Probe  
  55  7:36  Photon Cannon  
  56  7:41  Stalker x2  
  59  7:44  Gateway  
  59  7:50  Assimilator  
  56  8:02  Charge  
  56  8:03  Nexus  
  56  8:04  Pylon  
  56  8:06  Sentry  
  56  8:07  Sentry  
  56  8:12  Probe x2  
  62  8:27  Gateway  
  62  8:29  Gateway  
  62  8:30  Sentry  
  62  8:31  Stalker, Gateway  
  66  8:40  Sentry  
  68  8:41  Photon Cannon  
  68  8:43  Probe  
  68  8:45  Probe  
  59  8:57  Stalker x2  
  53  9:03  Protoss Ground Weapons Level 2 (Chrono Boost)  
  53  9:05  Stalker  
  53  9:08  Pylon  
  54  9:12  Shield Battery  
  54  9:14  Assimilator  
  54  9:22  Stalker  
  54  9:25  Stalker  
  48  9:36  Stalker x2  
  39  9:50  Stalker x2  
  43  9:58  Pylon  
  43  10:01  Stalker x2  
  43  10:03  Probe (Chrono Boost)  
  43  10:05  Probe (Chrono Boost)  
  50  10:15  Probe (Chrono Boost)  
  50  10:18  Stalker  
  50  10:20  Probe (Chrono Boost)  
  53  10:21  Probe (Chrono Boost)  
  53  10:27  Probe  
  55  10:29  Probe  
  55  10:31  Stalker  
  58  10:47  Stalker x3  
  60  10:54  Stalker  
  62  10:58  Pylon  
  58  11:14  Stalker x3  
  64  11:20  Stalker  
  66  11:37  Nexus  
  66  11:52  Sentry  
  66  11:53  Dark Shrine  
  66  11:54  Stalker  
  70  11:57  Probe x2  
  72  12:05  Robotics Facility  
  72  12:09  Probe  
  72  12:11  Probe  
  74  12:19  Stalker, Pylon  
  76  12:25  Stalker  
  78  12:46  Probe  
  78  12:51  Pylon  
  79  12:52  Pylon, Observer (Chrono Boost)  
  79  12:53  Stalker x3  
  86  13:00  Robotics Bay  
  86  13:07  Warp Prism (Chrono Boost)  
  88  13:18  Nexus  
  88  13:28  Probe x2  
  88  13:30  Shield Battery  
  90  13:36  Pylon  
  90  13:37  Observer (Chrono Boost)  
  90  13:40  Probe  
  92  13:49  Probe  
  93  13:59  Probe  
  94  14:07  Dark Templar x4  
  102  14:10  Disruptor (Chrono Boost), Probe  
  102  14:11  Probe  
  107  14:23  Probe  
  108  14:24  Probe  
  109  14:39  Protoss Ground Weapons Level 3 (Chrono Boost)  
  109  14:41  Probe  
  109  14:44  Photon Cannon  
  112  14:48  Disruptor (Chrono Boost)  
  115  14:57  Nexus  
  115  14:58  Shadow Stride (Chrono Boost)  
  113  15:14  Stalker x3  
  117  15:17  Observer  
  117  15:18  Dark Templar  
  122  15:22  Dark Templar  
  122  15:28  Probe  
  122  15:31  Probe  
  122  15:32  Zealot, Probe  
  125  15:40  Probe  
  125  15:48  Pylon  
  125  15:56  Pylon  
  125  15:57  Photon Cannon  
  125  15:58  Pylon  
  125  16:06  Disruptor  
  124  16:16  Stalker x4  
  132  16:20  Cybernetics Core  
  126  16:43  Probe x3  
  126  16:45  Photon Cannon  
  126  16:46  Pylon  
  129  16:47  Gateway  
  129  16:49  Pylon  
  129  16:52  Gateway  
  129  16:53  Probe  
  130  16:58  Observer  
  131  17:10  Stalker x5  
  141  17:15  Stalker  
  141  17:18  Disruptor (Chrono Boost)  
  146  17:34  Stalker x4  
  146  17:35  Pylon  
  154  17:39  Zealot x2  
  158  17:44  Probe  
  158  17:45  Assimilator x2, Probe  
  158  17:47  Probe  
  161  17:52  Probe  
  161  17:56  Probe  
  160  18:02  Stalker x3  
Show
View Real Time Build Order
Export as new Build Order

Spatz Protoss 

Build Orders: Oracle Opening 

Get SALT Encoding   

  12  0:00  Probe  
  13  0:12  Probe  
  14  0:18  Pylon  
  14  0:24  Probe (Chrono Boost)  
  15  0:36  Probe (Chrono Boost)  
  15  0:39  Gateway  
  16  0:44  Probe (Chrono Boost)  
  16  0:48  Assimilator  
  17  0:51  Probe  
  18  0:59  Assimilator  
  18  1:03  Probe (Chrono Boost)  
  19  1:14  Gateway, Probe (Chrono Boost)  
  20  1:19  Probe (Chrono Boost)  
  21  1:28  Cybernetics Core  
  21  1:31  Probe  
  22  1:39  Pylon  
  22  1:43  Probe  
  23  1:57  Probe  
  24  2:04  Adept  
  24  2:05  Warp Gate, Adept  
  28  2:09  Probe  
  29  2:25  Pylon  
  29  2:26  Pylon  
  29  2:31  Stargate  
  29  2:47  Probe  
  30  2:54  Stalker x2  
  34  3:11  Shield Battery, Oracle (Chrono Boost)  
  37  3:21  Shield Battery  
  37  3:31  Nexus  
  37  3:38  Shield Battery  
  37  3:49  Oracle (Chrono Boost)  
  37  3:54  Pylon  
  39  4:12  Stalker  
  39  4:13  Stalker  
  44  4:18  Oracle (Chrono Boost)  
  46  4:27  Gateway  
  46  4:35  Pylon  
  46  4:53  Stalker x2  
  46  4:56  Probe  
  48  5:08  Probe  
  48  5:10  Gateway  
  49  5:15  Twilight Council  
  45  5:37  Nexus  
  45  5:40  Stalker  
  45  5:41  Stalker  
  49  5:45  Blink (Chrono Boost)  
  49  5:58  Probe  
  50  6:10  Probe  
  51  6:22  Gateway, Probe  
  51  6:23  Gateway  
  52  6:37  Probe  
  53  6:40  Sentry  
  53  6:43  Pylon  
  55  6:52  Stalker  
  57  6:59  Robotics Facility  
  55  7:02  Pylon  
  55  7:07  Stalker  
  53  7:15  Stalker  
  53  7:18  Stalker x2  
  44  7:32  Stalker  
  42  7:45  Stalker x3  
  48  7:57  Probe  
  49  8:06  Stalker x3  
  49  8:08  Probe  
  49  8:11  Probe  
  57  8:23  Assimilator  
  57  8:31  Gateway  
  57  8:36  Assimilator  
  57  8:38  Stalker x2  
  57  8:39  Stalker  
  63  8:52  Probe  
  62  8:58  Observer  
  61  9:03  Stalker  
  61  9:07  Stalker  
  61  9:09  Probe  
  66  9:15  Stalker, Probe  
  66  9:16  Stalker  
  71  9:21  Probe  
  68  9:39  Stalker  
  68  9:40  Stalker x3  
  68  9:50  Probe  
  66  10:03  Stalker x3  
  66  10:04  Stalker  
  71  10:17  Probe x2  
  71  10:21  Dark Shrine  
  65  10:48  Stalker x4  
  71  10:53  Gateway  
  66  11:17  Stalker x4  
  73  11:37  Pylon x2  
  73  11:40  Dark Templar x2  
  77  11:49  Forge  
  77  11:55  Dark Templar x3  
  83  12:03  Pylon  
  83  12:15  Nexus  
  83  12:39  Stalker x2  
  83  12:40  Stalker x2  
  91  12:51  Protoss Ground Weapons Level 1 (Chrono Boost)  
  91  12:55  Probe  
  91  12:56  Probe  
  93  13:05  Observer (Chrono Boost)  
  94  13:08  Probe  
  95  13:15  Stalker x3  
  95  13:18  Pylon  
  101  13:21  Photon Cannon  
  101  13:25  Probe  
  102  13:27  Probe  
  102  13:30  Warp Prism (Chrono Boost)  
  105  13:37  Probe  
  105  13:41  Probe  
  108  13:46  Charge (Chrono Boost)  
  107  13:52  Templar Archives  
  105  14:06  Probe  
  105  14:07  Gateway  
  105  14:08  Gateway  
  106  14:15  Observer  
  107  14:18  Probe x2  
  107  14:26  Photon Cannon  
  107  14:29  Photon Cannon  
  107  14:40  Stalker x5  
  117  14:48  Probe x2  
  117  14:50  Probe  
  117  14:51  Protoss Ground Weapons Level 2 (Chrono Boost)  
  120  14:53  Gateway  
  118  15:14  Dark Templar x3  
  122  15:22  Probe  
  122  15:25  Probe  
  120  15:29  Probe  
  113  15:42  Zealot x4  
  117  15:48  Zealot x4  
  125  15:52  Pylon  
  125  15:59  Nexus, Pylon  
  125  16:00  Photon Cannon, Pylon  
  125  16:02  Assimilator  
  125  16:03  Pylon  
  125  16:04  Assimilator  
  125  16:11  Pylon  
  121  16:28  Zealot x4  
  121  16:29  Zealot x3  
  120  16:33  Observer (Chrono Boost)  
  110  16:48  High Templar x2  
  110  16:49  High Templar x5, Zealot  
  110  16:52  Warp Prism (Chrono Boost)  
  110  16:53  Photon Cannon  
  124  16:54  Archon x3, Pylon  
  126  17:12  High Templar  
  128  17:16  Zealot x2  
  128  17:17  Archon, Zealot  
  128  17:19  Probe  
  128  17:20  Probe  
  137  17:34  Photon Cannon  
  136  17:47  Observer  
  132  17:52  Zealot x4  
  132  17:53  Pylon, Zealot  
  100  18:06  Zealot x2  
Tags
 
Add a new tag
Caveats
  • Supply blocks, unpowered buildings, or Contaminate may cause inaccurate times.
  • Supply counts are checked every 10 seconds.